 Dungeon Crawl Stone Soup version 0.23.2-1-ga50397a (webtiles) character file.

Game seed: 2550108637269689708

75 Wander the Gusty (level 4, -2/33 HPs)
             Began as a Human Wanderer on May 3, 2019.
             Slain by a gnoll
             ... wielding a +2 flail of holy wrath
              (7 damage)
             ... on level 3 of the Dungeon.
             The game lasted 00:07:18 (2586 turns).

Wander the Gusty (Human Wanderer)                   Turns: 2586, Time: 00:07:19

Health: -2/33      AC:  6    Str: 11    XL:     4   Next: 55%
Magic:  3/7        EV: 11    Int: 14    God:
Gold:   120        SH:  0    Dex: 13    Spells: 6/7 levels left

rFire    . . .     SeeInvis .   b - +1 dagger (speed)
rCold    . . .     Gourm    .   (no shield)
rNeg     . . .     Faith    .   d - +0 robe
rPois    .         Spirit   .   (no helmet)
rElec    .         Reflect  .   (no cloak)
rCorr    .         Harm     .   n - +2 pair of gloves
MR       .....                  q - +0 pair of boots
Stlth    ++........             (no amulet)
HPRegen  0.11/turn              (no ring)
MPRegen  0.10/turn              (no ring)

@: starving
A: no striking features
a: no special abilities


You were on level 3 of the Dungeon.
You were starving.

You visited 1 branch of the dungeon, and saw 3 of its levels.

You collected 120 gold pieces.

Inventory:

Hand Weapons
 b - a +1 dagger of speed (weapon)
Armour
 d - a +0 robe (worn)
 n - a +2 pair of gloves (worn)
 q - a +0 pair of boots (worn)
Wands
 u - a wand of iceblast (5)
Scrolls
 e - a scroll of identify {unknown}
 h - 6 scrolls of remove curse {unknown}
 i - a scroll of enchant armour {unknown}
 j - 3 scrolls of magic mapping {unknown}
 m - a scroll of fog {unknown}
 p - a scroll of teleportation {unknown}
 r - a scroll of blinking {unknown}
 s - a scroll of amnesia {unknown}
 t - a scroll of immolation {unknown}
Potions
 a - 2 potions of lignification {unknown}
 c - 5 potions of curing
 g - 2 potions of invisibility {unknown}
 k - a potion of mutation {unknown}
 l - 2 potions of ambrosia {unknown}
 o - a potion of might {unknown}
Comestibles
 f - 3 rations


   Skills:
 - Level 2.0 Fighting
   Level 3.0 Bows
 - Level 2.0 Stealth
 + Level 2.4 Spellcasting
 + Level 1.5 Conjurations
 + Level 3.1 Air Magic


You had 6 spell levels left.
You knew the following spells:

 Your Spells              Type           Power        Failure   Level  Hunger
a - Shock                 Conj/Air       #...         9%          1    #......

Your spell library contained the following spells:

 Spells                   Type           Power        Failure   Level  Hunger
 Swiftness                Chrm/Air       #.......     19%         2    ###....
 Sandblast                Erth           #.....       22%         1    #......
 Static Discharge         Conj/Air       #.......     26%         3    ###....
 Stone Arrow              Conj/Erth      #.....       45%         3    ###....
 Airstrike                Air            ##........   54%         4    #####..
 Lightning Bolt           Conj/Air       #.........   94%         5    ######.


Dungeon Overview and Level Annotations

Branches:
Dungeon (3/15)

Altars:
Gozag


Message History

The adder is heavily wounded.
The bat closely misses you. The adder bites you but does no damage.
You hit the adder but do no damage.
The adder is heavily wounded.
The bat hits you.
* * * LOW HITPOINT WARNING * * *
The gnoll barely misses you. The adder misses you.
You miss the adder.
The adder is heavily wounded.
The bat barely misses you. The adder barely misses you.
The gnoll hits you but does no damage.
You miss the adder.
The adder is heavily wounded.
The bat barely misses you. The bat hits you but does no damage.
The adder completely misses you.
You miss the adder.
The adder is heavily wounded.
The bat hits you but does no damage.
The gnoll hits you with a +2 flail of holy wrath!
You die...

.# S# ...# ... .....# .
#... ..# h.#... .. #..
#.# # g... . ...#..###
##..# . ..#...
........####..# .##.
... .# #............##
#.... .#.. .
....≈..Sg.....##...# #
#####
.≈≈≈≈≈b@..........##.#
.≈..≈.b##.#..#.........
.≈..≈..##.............
#
.+..............#....#.
##....####..#.##.#... #
+..... ##.......#.##..
#..#..###..............
#..#...............###.
###.................


You could see a gnoll, an adder and 2 bats.

Vanquished Creatures
  A gnoll (D:2)
  3 adders
  A worm (D:2)
  A dart slug (D:2)
  3 giant cockroaches
  4 goblins
  4 hobgoblins
  5 jackals
  A quokka (D:2)
  2 bats
  A frilled lizard (D:1)
  5 kobolds
  3 rats
34 creatures vanquished.

Notes
Turn   | Place    | Note
-------+----------+-------------------------------------------
     0 | D:1      | Wander the Human Wanderer began the quest for the Orb.
     0 | D:1      | Wander set off with the following items: a +0 dagger, a
                  | potion of curing, a +0 robe, a ration; and the following
                  | spells available to memorise: Shock, Sandblast, Swiftness,
                  | Static Discharge, Stone Arrow, Airstrike, Lightning Bolt
     0 | D:1      | Reached XP level 1. HP: 16/16 MP: 2/2
     2 | D:1      | Learned a level 1 spell: Shock
   157 | D:1      | Reached XP level 2. HP: 22/22 MP: 0/4
   938 | D:2      | Reached XP level 3. HP: 24/27 MP: 0/5
  1119 | D:2      | Reached skill level 1 in Conjurations
  1955 | D:2      | Reached XP level 4. HP: 33/33 MP: 5/7
  2110 | D:2      | Found an opulent altar of Gozag.
  2586 | D:3      | Slain by a gnoll

Skill      XL: |  1  2  3  4 |
---------------+-------------+-----
Conjurations   | 1 |  1.5
Spellcasting   | 2 |  2.4
Air Magic      | 3 |  3.1
Fighting       | |  2.0
Bows           | |  3.0
Stealth        | |  2.0

Action                   |  1- 3 |  4- 6 || total
-------------------------+-------+-------++-------
Melee: Dagger            |    33 |    21 ||    54
 Cast: Shock             |    57 |    27 ||    84
  Eat: Chunk             |     4 |     1 ||     5
Armor: Robe              |     8 |    15 ||    23
Dodge: Dodged            |    20 |    24 ||    44
